details: 'sim'

« prev index next »

General information

Mini Map

Players

team 1
UndeadNaplich (pink | 123 APM | 1020 actions | 08:19)
Hero icon 3 Death Knight
Ability icon 2 Death Coil
Ability icon 1 Unholy Aura
Hero icon 1 Lich
Ability icon 1 Frost Nova

» actions
Assign group hotkey11
Basic commands53
Build / train27
Enter build submenu9
Enter hero's abilities submenu4
Give item / drop item1
Remove unit from queue1
Right click412
Select / deselect141
Select group hotkey331
Use ability30
1020 total
» units
Acolyte2
Ghoul3
Crypt Fiend5
10 total
» upgrades
Burrow1
1 total
» buildings
Graveyard1
Crypt1
Ziggurat3
Altar of Darkness1
Tomb of Relics1
Nerubian Tower1
Halls of the Dead1
Slaughterhouse1
Black Citadel1
11 total
» build order
00:08 Graveyard
00:12 Crypt
00:37 Ziggurat
00:56 Altar of Darkness
02:05 Tomb of Relics
02:17 Nerubian Tower
02:48 Ziggurat
03:49 Halls of the Dead
04:43 Ziggurat
07:03 Slaughterhouse
07:05 Black Citadel
» items
Rod of Necromancy3
Dust of Appearance2
Potion of Healing1
6 total
Undead_NIKOLLAS_ (blue | 42 APM | 353 actions | 08:19)
Hero icon 2 Death Knight
Ability icon 1 Death Coil
Ability icon 1 Unholy Aura

» actions
Assign group hotkey2
Build / train24
Enter build submenu9
Enter hero's abilities submenu3
Remove unit from queue1
Right click127
Select / deselect102
Select group hotkey64
Use ability21
353 total
» units
Acolyte2
Ghoul10
12 total
» upgrades
Cannibalize1
1 total
» buildings
Crypt1
Ziggurat4
Altar of Darkness1
Tomb of Relics1
Nerubian Tower3
Halls of the Dead1
Black Citadel1
Sacrificial Pit1
Graveyard1
14 total
» build order
00:11 Crypt
00:15 Ziggurat
00:35 Altar of Darkness
00:53 Tomb of Relics
01:28 Nerubian Tower
02:06 Ziggurat
03:01 Halls of the Dead
03:06 Nerubian Tower
04:01 Ziggurat
05:16 Nerubian Tower
05:31 Black Citadel
05:43 Sacrificial Pit
06:31 Graveyard
07:12 Ziggurat
» items
Potion of Healing2
2 total
team 2
NightElfhassan999 (red | 93 APM | 771 actions | 08:19)
Hero icon 2 Demon Hunter
Ability icon 1 Mana Burn
Ability icon 1 Evasion
Hero icon 1 Naga Sea Witch
Ability icon 1 Frost Arrows

» actions
Assign group hotkey13
Basic commands3
Build / train29
Enter build submenu9
Enter hero's abilities submenu3
Give item / drop item2
Right click478
Select / deselect143
Select group hotkey60
Use ability31
771 total
» units
Wisp9
Archer1
Dryad2
Druid of the Claw1
13 total
» upgrades
Abolish Magic1
Druid of the Claw Training2
3 total
» buildings
Altar of Elders1
Moon Well3
Ancient of War1
Tree of Ages4
Hunter's Hall1
Ancient of Wonders1
Tree of Eternity1
Ancient of Lore2
14 total
» build order
00:08 Altar of Elders
00:18 Moon Well
00:37 Ancient of War
01:47 Moon Well
02:31 Moon Well
03:00 Tree of Ages
03:00 Tree of Ages
03:00 Tree of Ages
03:39 Hunter's Hall
05:13 Ancient of Wonders
05:39 Tree of Eternity
05:42 Ancient of Lore
05:45 Ancient of Lore
» items
Staff of Preservation1
1 total
Random» OrcPraha (teal | 68 APM | 567 actions | 08:19)
Hero icon 1 Blademaster
Ability icon 1 Wind Walk
Hero icon 1 Shadow Hunter
Ability icon 1 Hex

» actions
Assign group hotkey53
Basic commands24
Build / train27
Enter build submenu9
Enter hero's abilities submenu2
Right click249
Select / deselect121
Select group hotkey44
Use ability37
567 total
» units
Peon7
Grunt6
Raider1
14 total
» upgrades
Ensnare1
Pillage1
2 total
» buildings
Altar of Storms1
Orc Burrow3
Barracks1
Voodoo Lounge1
Stronghold2
Beastiary1
Spirit Lodge1
10 total
» build order
00:08 Altar of Storms
00:20 Orc Burrow
00:42 Barracks
01:35 Orc Burrow
02:04 Voodoo Lounge
02:54 Stronghold
02:54 Stronghold
04:35 Orc Burrow
05:21 Beastiary
06:28 Spirit Lodge
» items
Healing Salve3
Potion of Healing1
4 total